 Dungeon Crawl Stone Soup version 0.18.1-5-g4a78601 (webtiles) character file.

16471 Ijustatesigmund the Fighter (level 12, -9/172 HPs)
             Began as a Minotaur Berserker on May 11, 2016.
             Was the Champion of Trog.
             Mangled by a vampire knight
             ... wielding a cursed -1 great mace
              (17 damage)
             ... on level 11 of the Dungeon.
             The game lasted 00:34:37 (11387 turns).

Ijustatesigmund the Fighter (Minotaur Berserker)   Turns: 11387, Time: 00:34:38

Health: -9/172     AC: 14    Str: 26    XL:     12   Next: 10%
Magic:  11/11      EV: 15    Int:  8    God:    Trog [******]
Gold:   306        SH:  0    Dex: 16    Spells: 0 memorised, 11 levels left

rFire  . . .     SeeInvis .     y - +3 executioner's axe of Strategic Superiority {chop, rC+}
rCold  + . .     Gourm    .     b - +2 chain mail
rNeg   . . .     Faith    .     (shield currently unavailable)
rPois  .         Spirit   .     (helmet restricted)
rElec  .         Dismiss  .     (no cloak)
rCorr  +         Reflect  .     (no gloves)
SustAt .         Harm     .     (no boots)
MR     .....                    (no amulet)
Stlth  ..........               E - +4 ring of intelligence
                                q - ring of resist corrosion

@: berserking, studying Fighting, very quick, not resistant to hostile
enchantments, extremely unstealthy
A: retaliatory headbutt, horns 2
a: Berserk, Trog's Hand, Brothers in Arms, Burn Spellbooks, Renounce Religion


You were on level 11 of the Dungeon.
You worshipped Trog.
Trog was exalted by your worship.
You were hungry.

You visited 2 branches of the dungeon, and saw 12 of its levels.

You collected 1090 gold pieces.
You spent 784 gold pieces at shops.

Inventory:

Hand Weapons
 k - a +1 war axe
 w - a +4 quick blade
 y - the +3 executioner's axe of Strategic Superiority (weapon) {chop, rC+}
   (Trog gifted it to you on level 11 of the Dungeon)

   It inflicts extra damage upon your enemies.
   It protects you from cold.
 G - a +0 battleaxe
 L - a +6 war axe
Missiles
 A - 8 javelins (quivered)
Armour
 b - a +2 chain mail (worn)
 D - a +0 large shield
 F - a +1 ring mail of cold resistance
Jewellery
 d - an uncursed ring of fire
 j - an uncursed ring of fire
 q - a ring of resist corrosion (left hand)
 E - a +4 ring of intelligence (right hand)
Wands
 f - a wand of paralysis (19/24)
 p - a wand of digging (1/24)
 r - a wand of flame (7/48)
 z - a wand of heal wounds (4/9)
 I - a wand of flame (15/48)
 J - a wand of flame (17/48)
Scrolls
 a - a scroll of immolation
 o - 8 scrolls of remove curse
 x - 4 scrolls of teleportation
Potions
 e - 2 potions of might
 g - 2 potions of curing
 h - a potion of agility
 i - 2 potions of resistance
 n - 3 potions of mutation
 s - a potion of brilliance
 B - 2 potions of berserk rage {unknown}
 M - a potion of magic {unknown}
Books
 l - a book of Conjurations

   Spells                             Type                      Level
   a - Magic Dart                     Conjuration                  1
   b - Searing Ray                    Conjuration                  2
   c - Dazzling Spray                 Conjuration/Hexes            3
   d - Fulminant Prism                Conjuration/Hexes            4
   e - Iskenderun's Mystic Blast      Conjuration                  4
   f - Iskenderun's Battlesphere      Conjuration/Charms           5
   Trog disapproves of the use of such an item.
 u - a manual of Fighting
 v - a book of Burglary

   Spells                             Type                      Level
   a - Swiftness                      Charms/Air                   2
   b - Passwall                       Transmutation/Earth          2
   c - Passage of Golubria            Translocation                4
   d - Lee's Rapid Deconstruction     Earth                        5
   e - Darkness                       Hexes                        6
   f - Invisibility                   Hexes                        6
   Trog disapproves of the use of such an item.
Comestibles
 c - 8 bread rations
 m - 2 slices of pizza
 t - 4 meat rations
 C - 9 royal jellies
 H - 6 chunks of flesh
 K - 4 beef jerkies


   Skills:
 + Level 13.3 Fighting
 + Level 13.1 Axes
 - Level 11.0 Armour
 - Level 10.5 Dodging
 + Level 3.1 Shields


You had 11 spell levels left.
You didn't know any spells.

Dungeon Overview and Level Annotations

Branches:
Dungeon (11/15)            Temple (0/1) D:5            Lair (0/8) D:10
    Orc (1/2) D:9

Altars:
Ashenzari
Dithmenos
Elyvilon
Fedhas
Gozag
Makhleb
Nemelex Xobeh
Okawaru
Pakellas
Ru
Trog
Vehumet
Yredelemnul
Zin
The Shining One

Shops:
D:9 ?


Innate Abilities, Weirdness & Mutations

You reflexively headbutt those who attack you in melee.
You have a pair of horns on your head.


Message History

Something hits you!! Something bites you but does no damage.
You barely miss something. Something hits you! Something bites you.
You miss something. You headbutt something.
You feel less exhausted.
You hear some strange, mumbled words.
You barely miss something. You headbutt something. Something hits you!
Something bites you but does no damage. Something hits you!!
* * * LOW HITPOINT WARNING * * *
Something bites you!
* * * LOW HITPOINT WARNING * * *
Something draws strength from your injuries!
Drink which item? (? for menu, Esc to quit)
Okay, then.
Read which item? (? for menu, Esc to quit)
Okay, then.
A red film seems to cover your vision as you go berserk!
You feel yourself moving faster!
You feel mighty!
You are feeling hungry.
Something hits you!
You die...

##.#### #.#.# ##.# ##.#
#.#.# #..# ##.### #.#.#
#..## .....#
#.#.###..(######... ..)..+
..........(()...... .....#
....###..##)).##... .....+
#..##...## .....#
.#.###..##..... .....#
.......@......#..
.....#+#..#..##.{##........
#........... ..............
#.........#.[.##.##..###.[
#...........#. ...
#..(....... ...... <...
#......... .#..#.. ...
..####+#..#. #.####..# ..
..# . ##..###..###...##.


There were no monsters in sight!

Vanquished Creatures
  Snorg (D:10)
  Pikel (D:4)
  8 deep elf magi (Orc:1)
  An orc sorcerer (Orc:1)
  An ugly thing (D:11)
  6 trolls
  2 shadows (D:11)
  12 yaks
  A wraith (D:10)
  Eustachio (D:4)
  A hippogriff (D:8)
  5 wargs
  3 soldier ants
  2 wasps (D:9)
  3 ice beasts
  14 orc warriors
  6 ogres
  An eye of draining (D:10)
  2 slaves (D:4)
  3 phantoms
  7 centaurs
  A crocodile (D:10)
  4 giant frogs
  2 scorpions
  2 water moccasin skeletons
  12 killer bees
  3 wights (D:11)
  3 howler monkeys
  3 jellies
  4 crimson imps
  2 giant frog zombies
  7 hounds
  3 centaur skeletons
  12 orc priests
  2 giant frog skeletons
  2 iguanas
  20 orc wizards
  10 worker ants
  Robin (D:3)
  8 adders
  4 gnolls (D:6)
  A howler monkey skeleton (D:10)
  3 river rats (D:10)
  3 shadow imps
  An adder zombie (D:9)
  2 adder skeletons
  A worm (D:3)
  2 dart slugs (D:1)
  7 giant geckos
  83 orcs
  2 ball pythons (D:1)
  5 giant cockroaches
  2 gnoll zombies (D:6)
  13 goblins
  6 hobgoblins
  10 jackals
  4 quokkas
  14 bats
  4 giant newts
  13 kobolds
  A quokka skeleton (D:4)
  12 rats
  2 fungi (D:10)
  A plant (D:10)
378 creatures vanquished.

Vanquished Creatures (others)
  10 fungi (D:10)
  3 plants (D:10)
13 creatures vanquished.

Grand Total: 391 creatures vanquished

Notes
Turn   | Place    | Note
--------------------------------------------------------------
     0 | D:1      | Ijustatesigmund the Minotaur Berserker began the quest for the Orb.
     0 | D:1      | Reached XP level 1. HP: 19/19 MP: 0/0
   247 | D:1      | Reached XP level 2. HP: 21/27 MP: 1/1
   667 | D:1      | Reached ** piety under Trog
   697 | D:1      | Reached XP level 3. HP: 29/34 MP: 2/2
  1669 | D:3      | Found a glowing silver altar of Zin.
  1731 | D:3      | Found a burning altar of Makhleb.
  1834 | D:3      | Reached XP level 4. HP: 34/41 MP: 3/3
  1835 | D:3      | Reached skill level 5 in Fighting
  1836 | D:3      | Reached skill level 5 in Axes
  1998 | D:3      | Reached XP level 5. HP: 42/48 MP: 4/4
  2104 | D:3      | Reached *** piety under Trog
  2105 | D:3      | Found a shadowy altar of Dithmenos.
  2176 | D:3      | Noticed Robin
  2188 | D:3      | Killed Robin
  2191 | D:3      | Found an opulent altar of Gozag.
  2375 | D:4      | Found a bloodstained altar of Trog.
  2450 | D:4      | Noticed an ogre
  2458 | D:4      | Killed an ogre
  2458 | D:4      | Reached XP level 6. HP: 56/56 MP: 5/5
  2530 | D:4      | Noticed a slave
  2531 | D:4      | Noticed a slave
  2543 | D:4      | Killed a slave
  2550 | D:4      | Noticed Pikel
  2550 | D:4      | Killed a slave
  2556 | D:4      | Noticed a slave
  2557 | D:4      | Noticed a slave
  2564 | D:4      | Killed Pikel
  2564 | D:4      | Reached skill level 5 in Armour
  2564 | D:4      | Reached XP level 7. HP: 64/64 MP: 6/6
  2664 | D:4      | Found an iron altar of Okawaru.
  2739 | D:4      | Noticed Eustachio
  2775 | D:4      | Killed Eustachio
  3091 | D:4      | Found a sacrificial altar of Ru.
  3268 | D:5      | Entered Level 5 of the Dungeon
  3372 | D:5      | Reached XP level 8. HP: 73/73 MP: 7/7
  3489 | D:5      | Found a staircase to the Ecumenical Temple.
  3546 | D:5      | Found an oddly glowing altar of Pakellas.
  3754 | D:5      | Reached **** piety under Trog
  4376 | D:6      | Found a shattered altar of Ashenzari.
  4388 | D:6      | Reached skill level 5 in Dodging
  4597 | D:6      | Found a basalt altar of Yredelemnul.
  4829 | D:6      | Found a blossoming altar of Fedhas.
  4915 | D:7      | Found a sparkling altar of Nemelex Xobeh.
  4946 | D:7      | Found a white marble altar of Elyvilon.
  4985 | D:7      | Found a basalt altar of Yredelemnul.
  5192 | D:7      | Reached XP level 9. HP: 80/82 MP: 8/8
  5387 | D:7      | You fall through a shaft for 3 floors!
  5387 | D:10     | Entered Level 10 of the Dungeon
  5387 | D:10     | Noticed Snorg
  5399 | D:10     | Killed Snorg
  5681 | D:10     | Reached skill level 10 in Fighting
  5746 | D:10     | Noticed a troll
  5763 | D:9      | Reached XP level 10. HP: 52/94 MP: 9/9
  6203 | D:8      | Reached ***** piety under Trog
  6417 | D:8      | Found a radiant altar of Vehumet.
  7464 | D:9      | Found Seran's Magic Scroll Boutique.
  7476 | D:9      | Bought a scroll of identify for 28 gold pieces
  7476 | D:9      | Bought a scroll of identify for 28 gold pieces
  7539 | D:9      | Received a gift from Trog
  7834 | D:9      | Found a staircase to the Orcish Mines.
  7855 | Orc:1    | Entered Level 1 of the Orcish Mines
  7858 | Orc:1    | Noticed an orc sorcerer
  8231 | Orc:1    | Killed an orc sorcerer
  8385 | Orc:1    | Noticed a deep elf mage
  8386 | Orc:1    | Noticed a deep elf mage
  8387 | Orc:1    | Noticed a deep elf mage
  8387 | Orc:1    | Noticed a deep elf mage
  8388 | Orc:1    | Noticed a deep elf mage
  8389 | Orc:1    | Noticed a deep elf mage
  8389 | Orc:1    | Noticed a deep elf mage
  8389 | Orc:1    | Noticed a deep elf mage
  8394 | Orc:1    | Killed a deep elf mage
  8399 | Orc:1    | Killed a deep elf mage
  8399 | Orc:1    | Reached XP level 11. HP: 79/102 MP: 10/10
  8403 | Orc:1    | Killed a deep elf mage
  8407 | Orc:1    | Killed a deep elf mage
  8407 | Orc:1    | Killed a deep elf mage
  8409 | Orc:1    | Killed a deep elf mage
  8412 | Orc:1    | Killed a deep elf mage
  8424 | Orc:1    | Killed a deep elf mage
  8424 | Orc:1    | Reached skill level 10 in Armour
  8649 | Orc:1    | Received a gift from Trog
  9054 | Orc:1    | Noticed an orc knight
  9256 | D:9      | Bought a scroll of acquirement for 728 gold pieces
  9347 | D:9      | Found a glowing golden altar of the Shining One.
 10459 | D:10     | Reached skill level 10 in Dodging
 10536 | D:10     | Reached ****** piety under Trog
 10582 | D:10     | Found a staircase to the Lair.
 10800 | D:11     | Noticed a red ugly thing
 10813 | D:11     | Killed a red ugly thing
 11127 | D:11     | Received a gift from Trog
 11131 | D:11     | Got a crystal executioner's axe {god gift}
 11138 | D:11     | Reached skill level 1 in Shields
 11146 | D:11     | Identified the +3 executioner's axe of Strategic Superiority {chop, rC+} (Trog gifted it to you on level 11 of the Dungeon)
 11231 | D:11     | Reached XP level 12. HP: 82/115 MP: 11/11
 11380 | D:11     | Noticed a vampire knight
 11386 | D:11     | HP: 5/115 [something (9)]
 11387 | D:11     | Mangled by a vampire knight

Skill      XL: |  1  2  3  4  5  6  7  8  9 10 11 12 |
---------------+-------------------------------------+-----
Fighting       | 4 5 6 7 8 10 11 13 | 13.3
Axes           | 4 5 7 9 12 13 | 13.1
Armour         | 3 4 5 8 11 | 11.0
Dodging        | 3 5 7 10 | 10.5
Shields        | 1 3 |  3.1

Action                   |  1- 3 |  4- 6 |  7- 9 | 10-12 || total
-------------------------+-------+-------+-------+-------++-------
Melee: Hand axe          |    83 |       |       |       ||    83
       Headbutt          |     7 |    14 |    39 |    89 ||   149
       War axe           |     3 |    67 |   182 |    10 ||   262
       Battleaxe         |       |       |    44 |   369 ||   413
       Executioner's axe |       |       |       |    32 ||    32
Throw: Javelin           |       |       |       |     4 ||     4
Invok: Berserk           |     2 |     2 |     6 |    12 ||    22
       Trog's Hand       |     1 |       |     2 |     4 ||     7
  Use: Scroll            |     6 |     2 |     9 |    10 ||    27
       Potion            |       |     1 |       |     5 ||     6
 Stab: Sleeping          |     1 |       |       |       ||     1
  Eat: Chunk             |     4 |     4 |    14 |    21 ||    43
       Beef jerky        |       |       |     2 |       ||     2
       Royal jelly       |       |       |     1 |       ||     1
       Fruit             |       |       |       |     5 ||     5
       Bread ration      |       |       |       |     1 ||     1
Armor: Animal skin       |     4 |       |       |       ||     4
       Robe              |     7 |       |       |       ||     7
       Chain mail        |    28 |    38 |   137 |   202 ||   405
Dodge: Dodged            |    54 |    32 |   111 |   284 ||   481
Block: Large shield      |       |       |       |     4 ||     4
